 Dungeon Crawl Stone Soup version 0.30.1-11-g7821555f0a (webtiles) character file.

Game seed: 11160952920301729831

282088 anacleto the Wrestler (level 19, -1/211 HPs)
             Began as a Troll Gladiator on Jan 6, 2024.
             Was the Champion of the Shining One.
             Slain by an acid blob (16 damage)
             ... on level 4 of the Pits of Slime.
             The game lasted 02:29:53 (45565 turns).

anacleto the Wrestler (Troll Gladiator)            Turns: 45565, Time: 02:29:53

Health: -1/211     AC: 19    Str: 36      XL:     19   Next: 72%
Magic:  25/25      EV: 20    Int: 13 (14) God:    the Shining One [******]
Gold:   1120       SH:  0    Dex: 11      Spells: 18/18 levels left

rFire   x .          .
                       - Unarmed
rCold   + + .        B - +8 tower shield {AC+3}
rNeg    + + +        Z - +5 ice dragon scales
rPois   +            y - +2 hat
rElec   .            A - +1 cloak
rCorr   .            (gloves unavailable)
SInv    .            (boots unavailable)
Will    .....        a - amulet of the Forgotten Emperors {Acrobat Harm Will- Str+5 Stlth+} Stlth
                     p - ring of Lies {Contam EV+5 Int+10}
HPRegen 1.35/turn    s - +5 ring of evasion
MPRegen 0.19/turn

%: harm (+30% outgoing, +20% incoming), acrobat
@: confused, engulfed (cannot breathe), corroded, glowing, studying 2 skills
A: large, unfitting armour, claws 3, regeneration 1, shaggy fur 1, tough skin 1,
mutation resistance 1, poison resistance, weak 1
}: 2/15 runes: decaying, serpentine
a: Renounce Religion, Divine Shield, Cleansing Flame, Summon Divine Warrior,
Brand Weapon With Holy Wrath


You were on level 4 of the Pits of Slime.
You worshipped the Shining One.
The Shining One was exalted by your worship.
You visited 7 branches of the dungeon, and saw 36 of its levels.
You visited the Abyss 2 times.
You also visited: Bailey, Gauntlet, Ice Cave and Volcano.

You collected 3373 gold pieces.
You spent 2253 gold pieces at shops.

Inventory:

Missiles
 c - 2 throwing nets
 n - 14 javelins (quivered)
 E - 14 silver javelins
 Q - 5 atropa-tipped darts
 W - 20 large rocks
Armour
 y - a +2 hat (worn)
 A - a +1 cloak (worn)
 B - a +8 tower shield of protection (worn)
 Z - +5 ice dragon scales (worn)
Jewellery
 a - the amulet of the Forgotten Emperors (around neck) {Acrobat Harm Will- Str+5 Stlth+}
   (You acquired it on level 8 of the Dungeon)

   [amulet of the acrobat]

   It increases your evasion while moving and waiting.
   Str:       It affects your strength (+5).
   Harm:      It increases damage dealt and taken.
   Will:      It decreases your willpower.
   Stlth:     It makes you more stealthy.
 o - a ring of willpower
 p - the ring of Lies (left claw) {Contam EV+5 Int+10}
   (You acquired it in a bailey)

   [ring of evasion]

   EV:        It affects your evasion (+5).
   Int:       It affects your intelligence (+10).
   Contam:    It causes magical contamination when unequipped.
 s - a +5 ring of evasion (right claw)
 N - an amulet of regeneration
 R - a ring of flight
Wands
 D - a wand of digging (4)
 F - a wand of light (31)
 J - a wand of iceblast (15)
 K - a wand of flame (32)
 L - a wand of charming (39)
 T - a wand of mindburst (10)
Scrolls
 b - a scroll of silence
 f - a scroll of amnesia
 i - 8 scrolls of fog
 j - 7 scrolls of enchant weapon
 q - 4 scrolls of poison
 t - 21 scrolls of identify
 v - 4 scrolls of fear
 w - 2 scrolls of vulnerability
 C - 2 scrolls of butterflies
 H - 4 scrolls of blinking
 O - 9 scrolls of teleportation
 S - 6 scrolls of immolation
Potions
 e - 3 potions of heal wounds
 g - 4 potions of might
 h - 11 potions of curing
 l - 6 potions of ambrosia
 r - 7 potions of attraction
 u - 7 potions of cancellation
 x - 5 potions of mutation
 z - 10 potions of flight
 G - 4 potions of resistance
 I - 5 potions of haste
 M - 4 potions of lignification
 U - a potion of brilliance {unknown}
Miscellaneous
 d - a phantom mirror
 k - a condenser vane
 m - a phial of floods
 P - a lightning rod (4/4)
 V - a piece from Xom's chessboard (15/15)
 X - a box of beasts


   Skills:
 * Level 18.2 Fighting
 + Level 14.6 Throwing
 + Level 9.7 Armour
 + Level 10.1 Dodging
 + Level 7.8 Shields
 * Level 21.1 Unarmed Combat
 + Level 10.5 Invocations


You had 18 spell levels left.
You didn't know any spells.
Your spell library contained the following spells:

 Spells                   Type           Power      Damage    Failure   Level
 Apportation              Tloc           0%         N/A       85%         1
 Foxfire                  Conj/Fire      0%         2x1d4     85%         1
 Necrotise                Necr           0%         1d4       85%         1
 Slow                     Hex            0%         N/A       85%         1
 Sting                    Tmut/Pois      0%         1d3       85%         1
 Summon Small Mammal      Summ           0%         N/A       85%         1
 Poisonous Vapours        Pois/Air       0%         N/A       94%         2
 Static Discharge         Conj/Air       0%         2-2/arc   94%         2
 Call Canine Familiar     Summ           0%         N/A       99%         3
 Confusing Touch          Hex            0%         N/A       99%         3
 Frozen Ramparts          Ice            0%         1d1       99%         3
 Hailstorm                Conj/Ice       0%         3d3       99%         3
 Inner Flame              Hex/Fire       0%         N/A       99%         3
 Ozocubu's Armour         Ice            0%         N/A       99%         3
 Portal Projectile        Hex/Tloc       0%         N/A       99%         3
 Stone Arrow              Conj/Erth      0%         3d7       99%         3
 Teleport Other           Tloc           0%         N/A       99%         3
 Tukima's Dance           Hex            0%         N/A       99%         3
 Vampiric Draining        Necr           0%         2d6       99%         3
 Volatile Blastmotes      Fire/Tloc      0%         2d10      99%         3
 Airstrike                Air            0%         2d(0-16)  100%        4
 Animate Armour           Summ/Erth      0%         N/A       100%        4
 Leda's Liquefaction      Hex/Erth       0%         N/A       100%        4
 Olgreb's Toxic Radiance  Pois           0%         N/A       100%        4
 Summon Lightning Spire   Summ/Air       0%         N/A       100%        4
 Alistair's Intoxication  Tmut/Pois      0%         N/A       100%        5
 Blade Hands              Tmut           0%         N/A       100%        5
 Fireball                 Conj/Fire      0%         3d3       100%        5
 Metabolic Englaciation   Hex/Ice        0%         N/A       100%        5
 Summon Forest            Summ/Tloc      0%         N/A       100%        5
 Summon Mana Viper        Hex/Summ       0%         N/A       100%        5
 Yara's Violent Unravell  Hex/Tmut       0%         3d3       100%        5
 Dispersal                Tloc           0%         N/A       100%        6
 Plasma Beam              Fire/Air       0%         2x1d11    100%        6
 Simulacrum               Ice/Necr       0%         N/A       100%        6
 Starburst                Conj/Fire      0%         6d3       100%        6
 Summon Cactus Giant      Summ           0%         N/A       100%        6
 Enfeeble                 Hex            0%         N/A       100%        7
 Storm Form               Tmut/Air       0%         N/A       100%        7
 Lehudib's Crystal Spear  Conj/Erth      0%         10d2      100%        8
 Maxwell's Capacitive Co  Air            0%         ∞         100%        8
 Polar Vortex             Ice            0%         N/A       100%        9


Dungeon Overview and Level Annotations

Branches:
Dungeon (15/15)            Temple (1/1) D:5            Lair (5/5) D:10
  Swamp (4/4) Lair:3        Snake (4/4) Lair:3        Slime (5/5) Lair:5
    Orc (2/2) D:12            Elf (0/3) Orc:2        Vaults (0/5) D:14
 Depths (0/4) D:15         Bailey (visited)           IceCv (visited)
Volcano (visited)         Gauntlet (visited)

Altars:
Cheibriados
Dithmenos
Elyvilon
Fedhas
Gozag
Hepliaklqana
Kikubaaqudgha
Makhleb
Okawaru
Qazlal
Ru
Sif Muna
Trog
Uskayaw
Vehumet
Wu Jian
Xom
Yredelemnul
Zin
The Shining One
Jiyva

Shops:
D:11 (   Orc:2 ?!:[*   Snake:4 (?*

Annotations:
Lair:1 2 transporters, ZoaN's ghost, journeyman MiFi


Innate Abilities, Weirdness & Mutations

You are too large for most types of armour.
You have claws for hands.
Your natural rate of healing is unusually fast.
You are covered in fur. (AC +1)
You have tough skin. (AC +1)
You are somewhat resistant to further mutation.
Your system is resistant to poisons. (rPois)
You are weak. (Str -2)


Message History

The acid blob is almost dead.
Your lungs strain for air!
The golden eye blinks at you. You resist with some effort.
The quicksilver ooze closely misses you.
The quicksilver ooze hits you but does no damage.
The acid blob hits you but does no damage.
The golden eye blinks at you.
You are more confused.
The acid blob spits acid at you. The splash of acid hits you!!
You feel much better.
Your lungs strain for air!
The golden eye blinks at you.
You are more confused.
The quicksilver ooze closely misses you. x2
The golden eye blinks!
The golden eye blinks at you. The acid blob hits you!
You are splashed with acid!
The acid blob spits acid at you. The splash of acid hits you!
* * * LOW HITPOINT WARNING * * *
The quicksilver ooze closely misses you.
The quicksilver ooze completely misses you.
You are too confused!
You feel better.
* * * LOW HITPOINT WARNING * * *
Your lungs strain for air!
The golden eye blinks at you.
You are confused.
The golden eye blinks at you.
You are more confused.
The acid blob spits acid at you. The splash of acid hits you!!
* * * LOW HITPOINT WARNING * * *
The acid corrodes you! The quicksilver ooze hits you!
* * * LOW HITPOINT WARNING * * *
The quicksilver ooze hits you but does no damage.
The acid blob hits you!
You die...

.. #.##.##....... ......
.........<..> ...#..
##.......... ..G...###
#........... ......#.##
##.......... ....G....#
##........<
.........#### #....^....
......JJ....####...#...#
......G@J....# #......##
......#......###^......#
.>.....##.....###.......
....... ##......#.......
...>... ##.........#...
....... ##............
....... ###..........
#.#.#. #....###...
##.### ..#


You could see 2 acid blobs, a quicksilver ooze and 3 golden eyes.

Vanquished Creatures
  Vashnia (Snake:4)
  Bai Suzhen (Swamp:3)
  Saint Roka (Orc:2)
  Jorgrun (D:13)
  A tentacled monstrosity (Swamp:3)
  Rupert (Lair:4)
  A lich (IceCv)
  The ghost of Haamyaq the Brawler, an adept TrFi of Jiyva (Snake:3)
  6 acid blobs
  Agnes (Snake:4)
  4 tentacled starspawn (Abyss:2)
  Donald (Lair:3)
  3 azure jellies (Slime:2)
  A thorn hunter (Swamp:4)
  3 nagarajas (Snake:4)
  3 rockslimes
  A fire giant (D:15)
  2 fenstrider witches
  Aizul (Snake:1)
  The ghost of zazaan the Grappler, a journeyman TrBe of Trog (Lair:4)
  An orc warlord (Orc:2)
  3 very ugly things (IceCv)
  3 quicksilver oozes
  2 vampire knights (Swamp:4)
  2 eleionomae
  Azrael (D:14)
  4 bunyips (Swamp:4)
  Nessos (Lair:4)
  A minotaur (Gauntlet)
  A fire dragon (Lair:5)
  A green death (Gauntlet)
  5 vault guards (D:14)
  4 shambling mangroves
  Erolcha (D:13)
  2 great orbs of eyes (Slime:3)
  3 salamander tyrants
  8 anacondas
  19 hydras
  2 two-headed ogres
  2 catoblepae
  14 alligators
  A ghost crab (Swamp:3)
  An ogre mage (Orc:2)
  8 centaur warriors
  12 naga warriors
  A dancing weapon (Snake:3)
  17 death yaks
  5 hell hogs
  5 boulder beetles
  6 tengu warriors
  2 thrashing horrors (Abyss:2)
  A hell knight (Volcano)
  2 orc high priests (Bailey)
  9 shock serpents
  7 naga sharpshooters
  Urug (D:12)
  A wretched star (Abyss:2)
  A soul eater (Abyss:2)
  4 skeletal warriors (D:14)
  4 salamander mystics
  A skyshark (Lair:4)
  A flayed ghost (Swamp:4)
  4 goliath frogs
  4 large abominations (Abyss:2)
  A death drake (Swamp:3)
  An orb spider (shapeshifter) (Abyss:2)
  3 glowing orange brains
  9 swamp dragons
  5 bog bodies
  3 spriggan druids (Swamp:4)
  11 naga ritualists
  3 wizards
  4 spriggan simulacra (IceCv)
  Pikel (D:7)
  3 lindwurms
  An obsidian statue (IceCv)
  2 necromancers
  3 spectral hydras
  3 orc knights
  2 phantasmal warriors (Swamp:4)
  2 deep elf pyromancers
  3 oklob plants (Swamp:4)
  12 mana vipers
  8 ugly things
  2 will-o-the-wisps
  15 salamanders
  3 cyclopes
  13 orc sorcerers
  8 shining eyes
  A spectral boulder beetle (Lair:4)
  3 manticores
  7 guardian serpents
  51 slime creatures
  A moth of wrath (Swamp:1)
  7 elephants
  Maurice (D:11)
  48 black mambas
  An eye of devastation (Slime:3)
  4 naga magi
  5 torpor snails (Lair:5)
  2 gargoyles
  A smoke demon (Abyss:2)
  9 cane toads
  A yaktaur (Volcano)
  2 efreet
  2 orange demons (Gauntlet)
  3 unseen horror zombies (D:8)
  4 rime drakes
  11 komodo dragons
  3 unseen horrors
  A tengu conjurer (D:15)
  An ice devil (IceCv)
  A kobold demonologist (D:9)
  16 freezing wraiths
  A bunyip simulacrum (Swamp:2)
  4 anaconda simulacra (IceCv)
  2 golden dragon simulacra (IceCv)
  A queen bee (Lair:3)
  2 hydra zombies (Swamp:2)
  3 death drake zombies (Swamp:4)
  A bloated husk (Swamp:1)
  18 hornets
  14 polar bears
  10 tyrant leeches
  8 trolls
  A tarantella (shapeshifter) (D:14)
  21 blink frogs
  8 dream sheep
  An alligator zombie (Swamp:2)
  7 raiju
  6 flying skulls (Abyss:2)
  6 spriggans
  3 wraiths
  A shadow (D:10)
  6 dire elephant simulacra (IceCv)
  A water elemental (Abyss:2)
  3 wyverns
  3 ynoxinuls (Abyss:2)
  3 fire elementals
  A vampire (D:11)
  A human (D:13)
  3 basilisks
  5 fire bats
  42 yaks
  9 golden eyes
  Grum (D:8)
  A neqoxec (Abyss:2)
  8 starcursed masses (Abyss:2)
  A minotaur simulacrum (IceCv)
  3 steam dragons
  21 vampire mosquitoes
  30 nagas
  A spectral cane toad (Lair:4)
  A chaos spawn (Abyss:2)
  3 harpy simulacra (IceCv)
  A death yak simulacrum (Lair:4)
  6 hydra simulacra
  17 swamp worms
  15 wargs
  2 acid dragons
  15 water moccasins
  21 hell hounds
  A floating eye (Slime:5)
  6 swamp drakes
  14 black bears
  An ettin simulacrum (IceCv)
  29 orc warriors
  6 swamp dragon zombies
  A sky beast (Abyss:2)
  6 alligator simulacra
  3 ice beasts
  A hornet zombie (D:8)
  A black mamba simulacrum (Lair:4)
  12 ogres
  20 wolves
  A spectral rime drake (Lair:4)
  14 centaurs
  A lemure (D:8)
  5 gnoll sergeants
  9 bullfrogs
  A wyvern zombie (D:8)
  5 scorpions (D:5)
  3 wights (D:8)
  A swamp dragon simulacrum (Swamp:2)
  24 killer bees (Lair:3)
  A lindwurm simulacrum (IceCv)
  5 small abominations (Abyss:2)
  5 howler monkeys
  6 electric eels (Bailey)
  2 centaur zombies (D:8)
  2 komodo dragon simulacra (Lair:4)
  4 lava snakes (D:12)
  A quasit (Abyss:2)
  16 hounds
  23 orc priests
  2 jellies
  2 gnoll boudas (D:8)
  An iron imp (Abyss:2)
  A sleepcap (D:5)
  41 orc wizards
  4 iguanas
  5 hell rats (Lair:2)
  A killer bee zombie (D:8)
  7 adders
  32 gnolls
  2 shadow imps
  4 white imps
  2 ufetubi (D:7)
  2 worms
  68 orcs
  14 bats
  2 endoplasms
  2 giant cockroaches
  14 goblins
  8 hobgoblins
  11 jackals
  4 quokkas
  13 ball pythons
  4 frilled lizards
  7 kobolds
  3 rats
1348 creatures vanquished.

Vanquished Creatures (collateral kills)
  A hydra skeleton (Swamp:4)
  An alligator (Swamp:3)
  A death drake (Swamp:3)
  A swamp dragon (Swamp:3)
  2 vampire mosquitoes (Swamp:3)
  2 swamp drakes (Swamp:3)
8 creatures vanquished.

Vanquished Creatures (others)
  An elephant (Lair:3)
  A swamp worm (Swamp:4)
  2 wolves (Lair:3)
  An iguana (Lair:3)
  4 foxfires
  5 starspawn tentacles (Abyss:2)
14 creatures vanquished.

Grand Total: 1370 creatures vanquished

Notes
Turn   | Place    | Note
-------+----------+-------------------------------------------
     0 | D:1      | anacleto the Troll Gladiator began the quest for the Orb.
     0 | D:1      | Reached XP level 1. HP: 19/19 MP: 0/0
   222 | D:1      | Reached XP level 2. HP: 28/28 MP: 1/1
   485 | D:1      | Reached XP level 3. HP: 35/35 MP: 2/2
   790 | D:2      | Found a hide-covered altar of Uskayaw.
  1056 | D:2      | You fall into a shaft and drop 2 floors!
  1107 | D:4      | Reached skill level 4 in Unarmed Combat
  1107 | D:4      | Reached XP level 4. HP: 23/44 MP: 3/3
  1519 | D:3      | Found an iron altar of Okawaru.
  1540 | D:3      | Reached XP level 5. HP: 53/53 MP: 4/4
  1621 | D:3      | Found a faded altar of an unknown god.
  2701 | D:4      | Reached XP level 6. HP: 62/62 MP: 5/5
  2704 | D:4      | Found a blossoming altar of Fedhas.
  2704 | D:4      | Found a shimmering altar of Xom.
  2725 | D:4      | Reached skill level 5 in Unarmed Combat
  2726 | D:4      | Found an ornate altar of the Wu Jian Council.
  3147 | D:5      | Entered Level 5 of the Dungeon
  3313 | D:5      | Reached XP level 7. HP: 70/70 MP: 6/6
  3381 | D:5      | Found a staircase to the Ecumenical Temple.
  3423 | Temple   | Entered the Ecumenical Temple
  3433 | Temple   | Became a worshipper of the Shining One
  3468 | D:5      | Reached skill level 6 in Unarmed Combat
  3733 | D:5      | Reached skill level 5 in Fighting
  3821 | D:5      | Reached XP level 8. HP: 8/80 MP: 7/7
  4018 | D:5      | Found a hide-covered altar of Uskayaw.
  4151 | D:6      | Reached skill level 7 in Unarmed Combat
  4243 | D:6      | Found a hazy altar of Hepliaklqana.
  4341 | D:6      | Found a burning altar of Makhleb.
  4410 | D:6      | Noticed a cacodemon
  4743 | D:7      | Reached skill level 8 in Unarmed Combat
  4799 | D:6      | Reached XP level 9. HP: 65/92 MP: 8/8
  5026 | D:7      | Reached * piety under the Shining One
  5136 | D:7      | Noticed a troll
  5144 | D:7      | Killed a troll
  5145 | D:7      | Reached skill level 5 in Throwing
  5171 | D:7      | Noticed a troll
  5185 | D:7      | Killed a troll
  5476 | D:7      | Noticed Pikel
  5505 | D:8      | Reached skill level 9 in Unarmed Combat
  5543 | D:8      | Identified 3 scrolls of acquirement
  5544 | D:8      | Acquired a manual of Fighting
  5546 | D:8      | Acquired the amulet of the Forgotten Emperors {Acrobat Harm
                  | Will- Str+5 Stlth+}
  5556 | D:8      | Acquired a manual of Unarmed Combat
  5985 | D:8      | Reached ** piety under the Shining One
  5986 | D:8      | Reached skill level 10 in Unarmed Combat
  6099 | D:8      | Reached XP level 10. HP: 104/106 MP: 9/9
  6169 | D:8      | Found a basalt altar of Yredelemnul.
  6241 | D:7      | Found a snail-covered altar of Cheibriados.
  6325 | D:7      | Reached skill level 11 in Unarmed Combat
  6367 | D:7      | Killed Pikel
  6713 | D:8      | Noticed Grum
  6718 | D:8      | Killed Grum
  6933 | D:9      | Reached skill level 10 in Fighting
  6933 | D:9      | Reached skill level 12 in Unarmed Combat
  6967 | D:9      | Reached *** piety under the Shining One
  6997 | D:9      | Found a sacrificial altar of Ru.
  7046 | D:9      | Found a flagged portal.
  7051 | Bailey   | Entered a bailey
  7185 | Bailey   | Noticed an orc knight
  7192 | Bailey   | Killed an orc knight
  7193 | Bailey   | Reached skill level 13 in Unarmed Combat
  7193 | Bailey   | Reached XP level 11. HP: 104/119 MP: 10/10
  7562 | Bailey   | Acquired the ring of Lies {Contam EV+5 Int+10}
  7594 | Bailey   | Noticed an orc high priest
  7598 | Bailey   | Noticed a sun demon
  7599 | Bailey   | Killed an orc high priest
  7851 | Bailey   | Found an iron altar of Okawaru.
  7851 | Bailey   | Noticed an orc high priest
  7855 | Bailey   | Noticed an orc knight
  7857 | Bailey   | Killed an orc high priest
  7863 | Bailey   | Killed an orc knight
  8022 | Bailey   | Identified the +8 dagger "Ultimatum" {distort, +Blink}
  8634 | D:10     | Entered Level 10 of the Dungeon
  8648 | D:10     | Reached skill level 14 in Unarmed Combat
  8724 | D:10     | Reached skill level 1 in Invocations
  8815 | D:10     | Reached skill level 1 in Armour
  8871 | D:10     | Found a staircase to the Lair.
  8918 | D:10     | Reached **** piety under the Shining One
  9236 | D:11     | Noticed Maurice
  9242 | D:11     | Killed Maurice
  9253 | D:11     | Noticed a boulder beetle
  9263 | D:11     | Killed a boulder beetle
  9264 | D:11     | Reached skill level 15 in Unarmed Combat
  9264 | D:11     | Reached XP level 12. HP: 133/133 MP: 12/12
  9298 | D:11     | Found Toerec's Weapon Shoppe.
  9562 | D:12     | Noticed Urug
  9568 | D:12     | Killed Urug
  9636 | D:12     | Noticed a two-headed ogre
  9646 | D:12     | Killed a two-headed ogre
  9940 | D:13     | Noticed Jorgrun
  9945 | D:13     | Noticed a centaur warrior
  9953 | D:13     | Killed Jorgrun
  9955 | D:13     | Killed a centaur warrior
 10253 | D:13     | Reached ***** piety under the Shining One
 10533 | D:13     | Noticed a tengu warrior
 10542 | D:13     | Killed a tengu warrior
 10812 | D:12     | Reached skill level 16 in Unarmed Combat
 11044 | D:12     | Found a staircase to the Orcish Mines.
 11552 | D:13     | Noticed Erolcha
 11552 | Abyss:2  | Cast into level 2 of the Abyss (Erolcha)
 11681 | Abyss:2  | Reached XP level 13. HP: 145/145 MP: 15/15
 11906 | Abyss:2  | Noticed a deep elf elementalist
 11916 | Abyss:2  | Noticed a starcursed mass
 12033 | Abyss:2  | Noticed a tentacled starspawn
 12038 | Abyss:2  | Killed a tentacled starspawn
 12048 | Abyss:2  | Reached skill level 5 in Dodging
 12290 | Abyss:2  | Noticed a tentacled starspawn
 12299 | Abyss:2  | Killed a tentacled starspawn
 12306 | D:13     | Escaped the Abyss
 12536 | D:13     | Killed Erolcha
 12608 | D:13     | Identified the +1 robe "Wake Tut" {Contam Dex+3 Archmagi}
 12617 | D:13     | Reached skill level 5 in Invocations
 13146 | D:14     | Reached ****** piety under the Shining One
 13184 | D:14     | Found a stormy altar of Qazlal.
 13391 | D:14     | Noticed Azrael
 13407 | D:14     | Reached XP level 14. HP: 154/157 MP: 14/17
 13409 | D:14     | Killed Azrael
 13417 | D:14     | Reached skill level 17 in Unarmed Combat
 13426 | D:14     | Reached skill level 5 in Armour
 13497 | D:14     | Identified the +3 flail "Waotarch" {flame, rF+ Will+ rCorr
                  | Dex-5}
 14343 | Abyss:2  | Cast into level 2 of the Abyss (a wizard)
 14422 | Abyss:2  | Noticed a tentacled starspawn
 14430 | Abyss:2  | Killed a tentacled starspawn
 14514 | Abyss:2  | Noticed a tentacled starspawn
 14518 | Abyss:2  | Killed a tentacled starspawn
 14526 | D:14     | Escaped the Abyss
 14910 | D:15     | Entered Level 15 of the Dungeon
 15098 | Orc:1    | Entered Level 1 of the Orcish Mines
 15445 | Orc:1    | Reached skill level 15 in Fighting
 15527 | Orc:1    | Found a dark tunnel.
 15536 | Volcano  | Entered a volcano
 15744 | Volcano  | Identified the +0 pair of boots "Eloem" {rF- rN+ rCorr}
 16113 | Orc:2    | Entered Level 2 of the Orcish Mines
 16113 | Orc:2    | Found Munnad's Overcharged Wands.
 16114 | Orc:2    | Noticed an orc warlord
 16136 | Orc:2    | Killed an orc warlord
 16481 | Orc:2    | Found a staircase to the Elven Halls.
 16604 | Orc:2    | Paralysed by an orc sorcerer for 5 turns
 16609 | Orc:2    | Noticed Saint Roka
 16971 | Orc:2    | Reached skill level 10 in Throwing
 17156 | Orc:2    | Paralysed by an orc sorcerer for 3 turns
 17483 | Orc:2    | Paralysed by an orc sorcerer for 4 turns
 17495 | Orc:2    | Found Eheul's Distillery.
 17506 | Orc:2    | Found an ancient bone altar of Kikubaaqudgha.
 17509 | Orc:2    | Paralysed by an orc sorcerer for 3 turns
 17949 | Orc:2    | Found a radiant altar of Vehumet.
 17994 | Orc:2    | Found Nawis's Magic Scroll Emporium.
 18114 | Orc:2    | Found Fijej's Book Emporium.
 18133 | Orc:2    | Bought 2 scrolls of identify for 56 gold pieces
 18133 | Orc:2    | Bought a scroll of teleportation for 42 gold pieces
 18133 | Orc:2    | Bought a scroll of identify for 28 gold pieces
 18133 | Orc:2    | Bought a scroll of teleportation for 42 gold pieces
 18133 | Orc:2    | Bought a scroll of teleportation for 42 gold pieces
 18133 | Orc:2    | Bought a scroll of immolation for 56 gold pieces
 18167 | Orc:2    | Bought a potion of resistance for 160 gold pieces
 18167 | Orc:2    | Bought a potion of might for 64 gold pieces
 18167 | Orc:2    | Bought a potion of curing for 48 gold pieces
 18167 | Orc:2    | Bought a potion of berserk rage for 80 gold pieces
 18178 | Orc:2    | Found Fuisuir's Antique Armour Emporium.
 18185 | Orc:2    | Bought a glowing hat for 217 gold pieces
 18262 | Orc:2    | Killed Saint Roka
 18263 | Orc:2    | Reached XP level 15. HP: 167/167 MP: 17/19
 19171 | Lair:1   | Entered Level 1 of the Lair of Beasts
 19223 | Lair:1   | Found a gate leading to a gauntlet.
 19231 | Gauntlet | Entered a Gauntlet
 19231 | Gauntlet | Found a transporter.
 19231 | Gauntlet | Found a transporter.
 19235 | Gauntlet | Found a transporter.
 19235 | Gauntlet | Found a transporter.
 19251 | Gauntlet | Found a transporter.
 19258 | Gauntlet | Found a transporter.
 19261 | Gauntlet | Found a transporter.
 19264 | Gauntlet | Found a transporter.
 19299 | Gauntlet | Found a transporter.
 19306 | Gauntlet | Found a transporter.
 19324 | Gauntlet | Found a transporter.
 19378 | Gauntlet | Found a transporter.
 19417 | Gauntlet | Found a transporter.
 19445 | Gauntlet | Found a transporter.
 19474 | Gauntlet | Identified the ring "Pogun" {Wiz rCorr}
 19598 | Gauntlet | Identified the +3 sling "Plog" {flame, rF- Str+7 Dex+3}
 19598 | Gauntlet | Identified the +0 ice dragon scales of the Kraken {Harm rF-
                  | rC++}
 19612 | Gauntlet | Got Qumniyvi's Handbook of the Voyage
 19953 | Lair:1   | Reached skill level 18 in Unarmed Combat
 20024 | Lair:1   | Found a transporter.
 20024 | Lair:1   | Found a transporter.
 20025 | Lair:1   | Noticed ZoaN's ghost (journeyman MiFi)
 20943 | Lair:2   | Reached skill level 1 in Shields
 21500 | Lair:3   | Found a staircase to the Swamp.
 21699 | Lair:3   | Found a staircase to the Snake Pit.
 22800 | Lair:4   | Identified the +1 quarterstaff of Famine {freeze, *Slow
                  | rElec rPois rC-}
 22812 | Lair:4   | Noticed Nessos
 22816 | Lair:4   | Killed Nessos
 22931 | Lair:4   | Noticed Rupert
 22941 | Lair:4   | Killed Rupert
 23018 | Lair:4   | Found a runed translucent gate.
 23018 | Lair:4   | Found a runed translucent gate.
 23018 | Lair:4   | Found a runed translucent gate.
 23019 | Lair:4   | Noticed zazaan's ghost (journeyman TrBe)
 23280 | Lair:4   | Reached XP level 16. HP: 179/179 MP: 20/20
 23701 | Lair:4   | Killed zazaan's ghost
 23732 | Lair:5   | Entered Level 5 of the Lair of Beasts
 23764 | Lair:5   | Found a runed translucent door.
 23815 | Lair:5   | Paralysed by a hornet for 2 turns
 23930 | Lair:5   | Paralysed by a hornet for 1 turns
 24587 | Lair:5   | Found a staircase to the Slime Pits.
 24589 | Lair:5   | Found a viscous altar of Jiyva.
 25318 | Swamp:1  | Entered Level 1 of the Swamp
 25343 | Swamp:1  | Reached skill level 19 in Unarmed Combat
 25999 | Swamp:1  | Identified the staff of death "Oshuab" {rN+ SInv}
 26134 | Swamp:2  | Paralysed by a fenstrider witch for 3 turns
 26177 | Swamp:1  | Paralysed by a fenstrider witch for 4 turns
 27611 | Swamp:2  | Reached XP level 17. HP: 188/188 MP: 22/22
 27780 | Swamp:3  | Noticed Bai Suzhen
 27790 | Swamp:3  | Killed Bai Suzhen
 28280 | Swamp:3  | Noticed a tentacled monstrosity
 28303 | Swamp:3  | Killed a tentacled monstrosity
 28304 | Swamp:3  | Reached skill level 5 in Shields
 28423 | Swamp:3  | Got the Lectures on the Winter and the Adder
 28813 | Swamp:4  | Entered Level 4 of the Swamp
 31451 | Swamp:4  | Found a blossoming altar of Fedhas.
 31638 | Swamp:4  | Got a decaying rune of Zot
 31657 | Swamp:4  | Found a basalt altar of Yredelemnul.
 31804 | Snake:1  | Entered Level 1 of the Snake Pit
 32415 | Snake:1  | Noticed Donald
 32437 | Lair:3   | Killed Donald
 32853 | Snake:1  | Identified the +1 glaive "Beuzezxo" {freeze, rC+ Str+3
                  | Int-4 Dex+3}
 32958 | Snake:1  | Noticed Aizul
 32968 | Snake:1  | Killed Aizul
 33667 | Snake:2  | Found a frozen archway.
 33672 | IceCv    | Entered an ice cave
 33727 | IceCv    | Reached XP level 18. HP: 179/200 MP: 24/24
 33787 | IceCv    | Reached skill level 20 in Unarmed Combat
 33941 | IceCv    | Noticed a lich
 33944 | IceCv    | Killed a lich
 34201 | IceCv    | Found an ancient bone altar of Kikubaaqudgha.
 35854 | Snake:3  | Found a runed translucent door.
 35854 | Snake:3  | Found a shimmering altar of Xom.
 35854 | Snake:3  | Noticed Haamyaq's ghost (adept TrFi)
 37499 | Snake:3  | Killed Haamyaq's ghost
 37504 | Snake:3  | Identified the +3 buckler "Dutree" {rElec Will+}
 37505 | Snake:3  | Identified the staff of poison "Epafolah" {rPois Will+
                  | MP+9}
 37562 | Snake:4  | Entered Level 4 of the Snake Pit
 37851 | Snake:4  | Found Esitim's General Store.
 37853 | Snake:4  | Found Ympahuf's Magic Scroll Shoppe.
 37855 | Snake:4  | Found Muafuu's Weapon Emporium.
 37861 | Snake:4  | Bought a scroll of enchant armour for 127 gold pieces
 37861 | Snake:4  | Bought a scroll of enchant armour for 127 gold pieces
 38031 | Snake:4  | Bought a scroll of fear for 68 gold pieces
 38031 | Snake:4  | Bought a scroll of fog for 68 gold pieces
 38031 | Snake:4  | Bought a scroll of immolation for 68 gold pieces
 38033 | Snake:4  | Bought a scroll of immolation for 48 gold pieces
 38033 | Snake:4  | Bought a phantom mirror for 480 gold pieces
 38033 | Snake:4  | Bought a +5 ring of evasion for 432 gold pieces
 38046 | Snake:4  | Noticed Agnes
 38053 | Snake:4  | Killed Agnes
 39119 | Snake:4  | Reached skill level 10 in Invocations
 39905 | Snake:4  | Reached XP level 19. HP: 157/210 MP: 22/25
 40802 | Snake:4  | Noticed Vashnia
 40850 | Snake:4  | Killed Vashnia
 41257 | Snake:4  | Got a serpentine rune of Zot
 42353 | D:14     | Found a gate to the Vaults.
 43110 | D:15     | Found a staircase to the Depths.
 43262 | D:15     | Found a shimmering blue altar of Sif Muna.
 43620 | Slime:1  | Entered Level 1 of the Pits of Slime
 43920 | Slime:2  | Gained mutation: You are weak. (Str -2) [a shining eye]
 44234 | Slime:2  | Reached skill level 21 in Unarmed Combat
 44237 | Slime:2  | Reached skill level 10 in Dodging
 44521 | Slime:3  | Gained mutation: Your system is resistant to poisons.
                  | (rPois) [a shining eye]
 45093 | Slime:4  | Gained mutation: You are somewhat resistant to further
                  | mutation. [a shining eye]
 45338 | Slime:5  | Entered Level 5 of the Pits of Slime
 45565 | Slime:4  | Slain by an acid blob

Illustrated notes

Levels and vault maps discovered:
D:1:      dpeg_arrival_circle_labyrinth_c, layout_rooms
D:2:      layout_basic, basic_altar
D:3:      layout_basic, mainiacjoe_overflow_24_doors,
          nicolae_ecumenical_snake_handling, chequers_serial_rivers_small_b,
          chequers_serial_rivers_micro_e
D:4:      layout_loops_ring, amcnicky_altar_gilded, jmf_multi_god_temple
D:5:      old_forge, layout_basic, nicolae_uskayaw_suspiria, temple_pool_b
D:6:      layout_cave_pools, nicolae_hepliaklqana_hazy_memory,
          makhleb_altar_promises_db, st_stairs_7
D:7:      layout_basic, cheibriados_altar_2, hangedman_minor_gate_pass,
          uniq_pikel
D:8:      layout_cave_pools, nicolae_yredelemnul_corpse_copse,
          serial_gnoll_camp, gnoll_camp_mini_doghouse, grums_kennel,
          gnoll_camp_mini_house, gnoll_camp_mini_house
D:9:      layout_cave_pools, nicolae_ru_great_annihilating_truth, enter_bailey_2
D:10:     layout_cave_pools, erik_lair_orcish_takeover
D:11:     layout_cave_pools, serial_shops, nicolae_shop_bloodbath_and_beyond,
          nicolae_fountain_basement, uniq_maurice
D:12:     erik_rubicon_a, layout_stronghold, orc_0_dummy, uniq_urug
D:13:     layout_basic, minmay_hollow_rounded_squares, uniq_jorgrun,
          uniq_erolcha
D:14:     layout_loops_ring, grunt_vaults_entry_fortified,
          nicolae_qazlal_general_emergency, uniq_azrael
D:15:     grunt_enter_depths_giant_problem, layout_cave_pools,
          nicolae_twisting_strands, kennysheep_orc_sif_temple
Temple:   nicolae_temple_x_marks_the_god
Lair:1:   layout_hall_layers, gammafunk_ghost_hive, gauntlet_entry_generic
Lair:2:   layout_long_grid, minivault_19, minmay_shattered_shrine,
          serial_bayou_shore_a, grunt_megastairs_3
Lair:3:   layout_roguey [special_room_bee], minmay_swamp_entry_reptiles,
          minmay_snake_entry_six_corridors, grunt_megastairs_2,
          serial_bayou_shore_b
Lair:4:   layout_regular_city, gammafunk_ghost_necromancy, lemuel_fruit_tree,
          uniq_nessos, uniq_rupert
Lair:5:   hangedman_lair_caniforms_friends, layout_misc_corridors, wormcave,
          slime_entry_1
Swamp:1:  layout_basic_swamp, serial_swamp_ruin, evilmike_swamp_ruin_house_6,
          evilmike_swamp_ruin_rubble_2, swamp_pool3, worms_lemuel
Swamp:2:  layout_falls_marsh, evilmike_swamp_ruin_house_3,
          nicolae_swamp_necromancer_hut
Swamp:3:  cheibrodos_swamp_monstrosity, layout_basic_swamp,
          evilmike_swamp_ruin_house_4, swamp_pool1, nicolae_swamp_drake_lake,
          infiniplex_staircase_pool, uniq_bai_suzhen
Swamp:4:  byrel_swamp_growth_death_and_undeath, layout_basic_swamp
Snake:1:  layout_cave_shapes, uniq_aizul, uniq_donald
Snake:2:  layout_cave_shapes, portal_ice_cave_entry_pillars_three
Snake:3:  layout_grid_maze, ebering_ghost_xom, drop_trap
Snake:4:  johnstein_snake_rune_scales, layout_rooms, minmay_shop_star,
          uniq_agnes
Slime:1:  layout_caves, basic_altar
Slime:2:  layout_caves
Slime:3:  layout_caves
Slime:4:  layout_caves
Slime:5:  uniq_dissolution
Orc:1:    layout_caves, nicolae_volcano_entry_batcave, basic_altar
Orc:2:    kennysheep_orc_mage_school, layout_diamond_mine, basic_altar,
          nicolae_shop_overcharged_wands, uniq_saint_roka

Skill      XL: |  1  2  3  4  5  6  7  8  9 10 11 12 13 14 15 16 17 18 19 |
---------------+----------------------------------------------------------+-----
Fighting       | 2 3 4 5 6 8 10 12 13 14 15 16 17 18 | 18.2
Unarmed Combat | 4 5 6 8 10 13 15 16 17 18 19 20 21 | 21.1
Throwing       | 2 3 4 5 7 8 9 10 11 12 13 14 | 14.6
Invocations    | 2 4 5 6 7 8 9 10 | 10.5
Armour         | 2 3 4 6 7 8 9 |  9.7
Dodging        | 3 4 5 6 7 8 9 10 | 10.1
Shields        | 2 4 6 7 |  7.8

Action                     |  1- 3 |  4- 6 |  7- 9 | 10-12 | 13-15 | 16-18 | 19-21 || total
---------------------------+-------+-------+-------+-------+-------+-------+-------++-------
  Melee: Unarmed           |    82 |   149 |   194 |   299 |   671 |   957 |   345 ||  2697
         Punch             |     1 |     4 |    14 |    23 |    45 |       |       ||    87
  Throw: Boomerang         |       |       |    38 |    47 |   229 |   181 |       ||   495
         Large rock        |       |       |       |     3 |    19 |    23 |     9 ||    54
         Javelin           |       |       |       |       |       |    71 |     3 ||    74
         Throwing net      |       |       |       |       |       |     9 |     1 ||    10
 Invoke: Divine Shield     |       |       |       |     1 |    18 |    20 |     5 ||    44
         Summon Divine War |       |       |       |       |       |     2 |       ||     2
         Cleansing Flame   |       |       |       |       |       |     2 |       ||     2
  Evoke: Wand              |       |       |       |     2 |     1 |     1 |    10 ||    14
         Lightning rod     |       |       |       |       |     1 |       |       ||     1
    Use: Potion            |       |       |     3 |     1 |     9 |     8 |     5 ||    26
         Scroll            |       |       |     9 |    10 |    15 |    22 |       ||    56
   Stab: Sleeping          |       |     1 |       |       |       |       |       ||     1
 Armour: Robe              |    45 |    45 |    36 |       |       |       |       ||   126
         Troll leather arm |       |       |    24 |    44 |    73 |       |       ||   141
         Skin              |       |       |    17 |       |       |       |       ||    17
         Ice dragon scales |       |       |       |       |    90 |   339 |   129 ||   558
         Swamp dragon scal |       |       |       |       |       |    10 |       ||    10
  Dodge: Dodged            |    47 |    80 |   131 |   213 |   529 |   543 |   249 ||  1792
  Block: Other             |       |       |       |     1 |    33 |       |       ||    34
         Tower shield      |       |       |       |       |   215 |   948 |   364 ||  1527
